3AAA
HIALEAH DODOS @ AUGUSTA TIMBER HAWKS
06/17/2017
 
TOP OF THE 1ST
Milton Bills batting - Pitching for Austin Capitols : RHP Jim Unknown
Pitching: RHP Jim Unknown
Batting: RHB Don Thomas 0-0: SINGLE (Line Drive, 78S)
Batting: RHB Bartolo Liñares 0-0: Called Strike
0-1: Foul Ball, location: 2F
0-2: SINGLE (Flyball, 7LS)
Don Thomas to second
Batting: RHB Chandler Bailey 0-0: Ball
1-0: Fly out, F9 (Flyball, 9M)
Batting: LHB David Hunt 0-0: Fly out, F4 (Line Drive, 4)
Batting: RHB Mark McBride 0-0: Ball
1-0: Ground out 6-3 (Groundball, 6)
Top of the 1st over - 0 run(s), 2 hit(s), 0 error(s), 2 left on base; Milton 0 - Austin 0
BOTTOM OF THE 1ST
Austin Capitols batting - Pitching for Milton Bills : RHP Jim Unknown
Pitching: RHP Jim Unknown
Batting: RHB Jim Unknown 0-0: Ball
1-0: Called Strike
1-1: Called Strike
1-2: Strikes out swinging
Batting: RHB Jim Unknown 0-0: Ball
1-0: Ground out 6-3 (Groundball, 6)
Batting: LHB Tom Smith 0-0: Ball
1-0: Called Strike
1-1: Ball
2-1: SINGLE (Line Drive, 89S)
Batting: RHB Jim Unknown 0-0: Called Strike
Tom Smith steals 2nd base
0-1: Fly out, F8 (Flyball, 89S)
Bottom of the 1st over - 0 run(s), 1 hit(s), 0 error(s), 1 left on base; Milton 0 - Austin 0
TOP OF THE 2ND
Milton Bills batting - Pitching for Austin Capitols : RHP Jim Unknown
Batting: LHB Vincente Bruno 0-0: Called Strike
0-1: Called Strike
0-2: SINGLE (Line Drive, 9S)
Batting: RHB Ed Patterson 0-0: Called Strike
0-1: Fly out, F9 (Flyball, 9S)
Batting: RHB Pedro Sánchez 0-0: Ball
1-0: Ball
2-0: SINGLE (Groundball, 56)
Vincente Bruno to second
Batting: SHB Al Anderson 0-0: Ball
1-0: Ball
2-0: Foul Ball, location: 2F
2-1: Foul Ball, location: 2F
2-2: Strikes out swinging
Batting: RHB Don Thomas 0-0: Ball
1-0: Ball
2-0: Called Strike
2-1: Called Strike
2-2: SINGLE (Flyball, 78S)
Vincente Bruno to third
Pedro Sánchez to second
Runner from 3rd tries for Home, SAFE, throw made home
Pedro Sánchez to third
Don Thomas to second
Batting: RHB Bartolo Liñares 0-0: Ball
1-0: Foul Ball, location: 2F
1-1: SINGLE (Groundball, 56)
Pedro Sánchez scores
Don Thomas to third
Runner from 3rd tries for Home, SAFE, no throw or cutoff
Batting: RHB Chandler Bailey 0-0: Called Strike
0-1: Ball
1-1: Called Strike
1-2: Strikes out swinging
Top of the 2nd over - 3 run(s), 4 hit(s), 0 error(s), 1 left on base; Milton 3 - Austin 0
BOTTOM OF THE 2ND
Austin Capitols batting - Pitching for Milton Bills : RHP Jim Unknown
Batting: RHB Jim Unknown 0-0: Called Strike
0-1: SOLO HOME RUN (Flyball, 7D), Distance : 429 ft
Batting: RHB Jim Unknown 0-0: Ball
1-0: Foul Ball, location: 2F
1-1: Foul Ball, location: 2F
1-2: Strikes out swinging
Batting: SHB Jim Unknown 0-0: Called Strike
0-1: Called Strike
0-2: Fly out, F9 (Line Drive, 9M)
Batting: LHB Jim Unknown 0-0: Ball
1-0: Called Strike
1-1: Ball
2-1: Swinging Strike
2-2: Strikes out looking
Bottom of the 2nd over - 1 run(s), 1 hit(s), 0 error(s), 0 left on base; Milton 3 - Austin 1
TOP OF THE 3RD
Milton Bills batting - Pitching for Austin Capitols : RHP Jim Unknown
Batting: LHB David Hunt 0-0: Foul Ball, location: 2F
0-1: Swinging Strike
0-2: Ground out 5-3 (Groundball, 5)
Batting: RHB Mark McBride 0-0: Swinging Strike
0-1: Ground out 4-3 (Groundball, 4S)
Batting: LHB Vincente Bruno 0-0: Called Strike
0-1: Ball
1-1: Foul Ball, location: 2F
1-2: Ball
2-2: Foul Ball, location: 2F
2-2: Foul Ball, location: 2F
2-2: Ball
3-2: Hit by Pitch
Batting: RHB Ed Patterson 0-0: Ball
1-0: Ground out 5-3 (Groundball, 5S)
Top of the 3rd over - 0 run(s), 0 hit(s), 0 error(s), 1 left on base; Milton 3 - Austin 1
BOTTOM OF THE 3RD
Austin Capitols batting - Pitching for Milton Bills : RHP Jim Unknown
Batting: RHB Jim Unknown 0-0: Foul Ball, location: 2F
0-1: Fly out, F9 (Line Drive, 89M)
Batting: RHB Jim Unknown 0-0: Foul Ball, location: 2F
0-1: Bunt for hit - play at first, batter OUT! 2-3
Batting: RHB Jim Unknown 0-0: Ball
1-0: Ground out 5-3 (Groundball, 5L)
Bottom of the 3rd over - 0 run(s), 0 hit(s), 0 error(s), 0 left on base; Milton 3 - Austin 1
TOP OF THE 4TH
Milton Bills batting - Pitching for Austin Capitols : RHP Jim Unknown
Batting: RHB Pedro Sánchez 0-0: SINGLE (Groundball, 4MD)
Batting: SHB Al Anderson 0-0: Called Strike
Pedro Sánchez steals 2nd base
0-1: Ball
1-1: Fly out, F6 (Popup, 6MD)
Batting: RHB Don Thomas 0-0: Called Strike
0-1: Ball
1-1: Foul Ball, location: 2F
1-2: Strikes out swinging
Batting: RHB Bartolo Liñares 0-0: Called Strike
0-1: Ball
1-1: Ball
2-1: Foul Ball, location: 2F
2-2: Foul Ball, location: 2F
2-2: Strikes out swinging
Top of the 4th over - 0 run(s), 1 hit(s), 0 error(s), 1 left on base; Milton 3 - Austin 1
BOTTOM OF THE 4TH
Austin Capitols batting - Pitching for Milton Bills : RHP Jim Unknown
Batting: LHB Tom Smith 0-0: Foul Ball, location: 2F
0-1: Called Strike
0-2: Ball
1-2: Foul Ball, location: 2F
1-2: Foul Ball, location: 2F
1-2: Strikes out swinging
Batting: RHB Jim Unknown 0-0: Called Strike
0-1: Ball
1-1: Ground out 1-3 (Groundball, 25)
Batting: RHB Jim Unknown 0-0: Ball
1-0: Called Strike
1-1: SINGLE (Line Drive, 34D)
Batting: RHB Jim Unknown 0-0: Foul Ball, location: 2F
0-1: Ball
1-1: Ball
2-1: Ball
3-1: Reached on error, E6 (Groundball, 6)
Jim Unknown to second
Batting: SHB Jim Unknown 0-0: Ball
1-0: Swinging Strike
Single, Error in OF, E8, batter to second base
Jim Unknown scores
Jim Unknown to third
Batting: LHB Jim Unknown 0-0: Ball
1-0: Ball
2-0: 3-RUN HOME RUN (Flyball, 7D), Distance : 425 ft
Batting: RHB Jim Unknown 0-0: SINGLE (Popup, 3D)
Pitching: RHP Jim Unknown
Batting: RHB Jim Unknown 0-0: Ball
1-0: Fielders Choice at 2nd, 6-4 (Groundball, 6)
Bottom of the 4th over - 4 run(s), 4 hit(s), 2 error(s), 0 left on base; Milton 3 - Austin 5
TOP OF THE 5TH
Milton Bills batting - Pitching for Austin Capitols : RHP Jim Unknown
Batting: RHB Chandler Bailey 0-0: Ball
1-0: Ball
2-0: Ball
3-0: Base on Balls
Batting: LHB David Hunt 0-0: Ball
1-0: Foul Ball, location: 2F
1-1: Ball
2-1: Foul Ball, location: 2F
2-2: Foul Ball, location: 2F
2-2: Ball
3-2: Foul Ball, location: 2F
3-2: Foul Ball, location: 2F
3-2: Base on Balls
Chandler Bailey to second
Batting: RHB Mark McBride 0-0: Ball
1-0: Called Strike
1-1: Fly out, F7 (Flyball, 78M)
Batting: LHB Vincente Bruno 0-0: Foul Ball, location: 2F
0-1: Ball
1-1: Swinging Strike
1-2: Ground out 5-3 (Groundball, 56S)
Chandler Bailey to third
David Hunt to second
Batting: RHB Ed Patterson 0-0: Ball
1-0: Ground out 5-3 (Groundball, 5S)
Top of the 5th over - 0 run(s), 0 hit(s), 0 error(s), 2 left on base; Milton 3 - Austin 5
BOTTOM OF THE 5TH
Austin Capitols batting - Pitching for Milton Bills : RHP Jim Unknown
Batting: RHB Jim Unknown 0-0: Fly out, F8 (Flyball, 8LD)
Batting: LHB Tom Smith 0-0: Ball
1-0: Called Strike
1-1: Swinging Strike
1-2: Foul Ball, location: 2F
1-2: Strikes out swinging
Batting: RHB Jim Unknown 0-0: Ball
1-0: Called Strike
1-1: Ball
2-1: Foul Ball, location: 2F
2-2: Foul Ball, location: 2F
2-2: Foul Ball, location: 2F
2-2: Ball
3-2: Foul Ball, location: 2F
3-2: Fly out, F7 (Flyball, 78S)
Bottom of the 5th over - 0 run(s), 0 hit(s), 0 error(s), 0 left on base; Milton 3 - Austin 5
TOP OF THE 6TH
Milton Bills batting - Pitching for Austin Capitols : RHP Jim Unknown
Batting: RHB Pedro Sánchez 0-0: Called Strike
0-1: Foul Ball, location: 2F
0-2: Ball
1-2: Ball
2-2: Ground out 4-3 (Groundball, 4M)
Batting: SHB Al Anderson 0-0: Ground out U3 (Groundball, 3)
Batting: RHB Don Thomas 0-0: Ball
1-0: Ball
2-0: Swinging Strike
2-1: Ball
3-1: Swinging Strike
3-2: Foul Ball, location: 2F
3-2: SINGLE (Line Drive, 89S)
Batting: RHB Bartolo Liñares 0-0: Ball
Don Thomas steals 2nd base
1-0: Ball
2-0: Foul Ball, location: 2F
2-1: Swinging Strike
2-2: Fly out, F1 (Line Drive, 13)
Top of the 6th over - 0 run(s), 1 hit(s), 0 error(s), 1 left on base; Milton 3 - Austin 5
BOTTOM OF THE 6TH
Austin Capitols batting - Pitching for Milton Bills : RHP Jim Unknown
Batting: RHB Jim Unknown 0-0: Ball
1-0: Ball
2-0: Fly out, F8 (Flyball, 8LXD)
Batting: RHB Jim Unknown 0-0: Foul Ball, location: 2F
0-1: Ball
1-1: Foul Ball, location: 2F
1-2: Foul Ball, location: 2F
1-2: Ball
2-2: Foul Ball, location: 2F
2-2: Ball
3-2: Reached on error, E5 (Groundball, 56)
Batting: SHB Jim Unknown 0-0: Ball
1-0: Ball
2-0: Called Strike
2-1: Ground out 2-3 (Groundball, 15S)
Jim Unknown to third
Batting: LHB Jim Unknown 0-0: Fly out, F4 (Popup, 6MD)
Bottom of the 6th over - 0 run(s), 0 hit(s), 1 error(s), 1 left on base; Milton 3 - Austin 5
TOP OF THE 7TH
Milton Bills batting - Pitching for Austin Capitols : RHP Jim Unknown
Batting: RHB Chandler Bailey 0-0: Ball
1-0: Called Strike
1-1: Ground out 5-3 (Groundball, 56)
Batting: LHB David Hunt 0-0: Called Strike
0-1: Swinging Strike
0-2: Ball
1-2: SINGLE (Line Drive, 34D)
Batting: RHB Mark McBride 0-0: Called Strike
David Hunt steals 2nd base
0-1: Ball
1-1: Foul Ball, location: 2F
1-2: Ball
2-2: Foul Ball, location: 2F
2-2: SINGLE (Groundball, 4MD)
David Hunt to third
Runner from 3rd tries for Home, SAFE, no throw or cutoff
Pitching: LHP Jim Unknown
Batting: LHB Vincente Bruno 0-0: Called Strike
0-1: Called Strike
0-2: Ball
Passed Ball!
Mark McBride to second
1-2: Foul Ball, location: 2F
1-2: Fly out, F9 (Flyball, 9M)
Batting: RHB Ed Patterson 0-0: SINGLE (Groundball, 6M)
Mark McBride to third
Runner from 3rd tries for Home, SAFE, throw made home
Pinch Hitting: RHB Luis Gómez 0-0: SINGLE (Line Drive, 7LS)
Ed Patterson to second
Pinch Hitting: LHB Jim Unknown 0-0: Foul Ball, location: 2F
0-1: Called Strike
0-2: Ball
1-2: Ball
2-2: SINGLE (Line Drive, 5D)
Ed Patterson to third
Luis Gómez to second
Runner from 3rd tries for Home, SAFE, no throw or cutoff
Pinch Hitting: RHB Lorenzo Acuña 0-0: Ball
1-0: Foul Ball, location: 2F
1-1: Ball
2-1: Swinging Strike
2-2: Ball
3-2: Foul Ball, location: 2F
3-2: Base on Balls
Luis Gómez to third
Jim Unknown to second
Batting: RHB Bartolo Liñares 0-0: Swinging Strike
0-1: Ball
1-1: Called Strike
1-2: Strikes out swinging
Top of the 7th over - 3 run(s), 5 hit(s), 0 error(s), 3 left on base; Milton 6 - Austin 5
BOTTOM OF THE 7TH
Austin Capitols batting - Pitching for Milton Bills : RHP Jim Unknown
Pitching: RHP Jim Unknown
Now at 1B: Lorenzo Acuña
Now at 3B: Jim Unknown
Batting: RHB Jim Unknown 0-0: Ball
1-0: Foul Ball, location: 2F
1-1: Swinging Strike
1-2: Ball
2-2: Ball
3-2: Base on Balls
Batting: RHB Jim Unknown 0-0: Bunted foul
0-1: Bunted foul
0-2: Fly out, F7 (Flyball, 78S)
Batting: RHB Jim Unknown 0-0: Ball
1-0: Called Strike
1-1: Foul Ball, location: 2F
1-2: Ball
2-2: Ball
Single, Error in OF, E9, batter to second base
Jim Unknown to third
Batting: LHB Tom Smith 0-0: Fly out, F2 (Popup, 2LF)
Batting: RHB Jim Unknown 0-0: SINGLE (Groundball, 6MD)
Jim Unknown scores
Jim Unknown to third
Runner from 3rd tries for Home, SAFE, throw made home
Jim Unknown to second
Pitching: RHP Jim Unknown
Batting: RHB Jim Unknown 0-0: Called Strike
0-1: Called Strike
0-2: Ball
Wild Pitch!
Jim Unknown to third
1-2: Foul Ball, location: 2F
1-2: Strikes out swinging
Bottom of the 7th over - 2 run(s), 2 hit(s), 1 error(s), 1 left on base; Milton 6 - Austin 7
TOP OF THE 8TH
Milton Bills batting - Pitching for Austin Capitols : LHP Jim Unknown
Pitching: RHP Jim Unknown
Batting: RHB Chandler Bailey 0-0: Ball
1-0: Called Strike
1-1: Swinging Strike
1-2: SINGLE (Groundball, 56D)
Pitching: LHP Jim Unknown
Batting: LHB David Hunt 0-0: Called Strike
0-1: Ball
1-1: Swinging Strike
1-2: Ball
2-2: Ball
3-2: DOUBLE (Flyball, 78D)
Chandler Bailey to third
Pitching: RHP Jim Unknown
Batting: RHB Mark McBride 0-0: Ball
1-0: Foul Ball, location: 2F
1-1: Ball
2-1: Foul Ball, location: 2F
2-2: Foul Ball, location: 2F
2-2: SINGLE (Flyball, 9S)
Chandler Bailey scores
David Hunt to third
Runner from 3rd tries for Home, SAFE, throw made home
Batting: LHB Vincente Bruno 0-0: Grounds into double play, 4-6-3 (Groundball, 4)
Batting: RHB Ed Patterson 0-0: Called Strike
0-1: Ball
1-1: SINGLE (Line Drive, 34D)
Batting: RHB Kyle Dempsey 0-0: Ball
1-0: Called Strike
1-1: Ball
2-1: Foul Ball, location: 2F
2-2: Strikes out swinging
Top of the 8th over - 2 run(s), 4 hit(s), 0 error(s), 1 left on base; Milton 8 - Austin 7
BOTTOM OF THE 8TH
Austin Capitols batting - Pitching for Milton Bills : RHP Jim Unknown
Pitching: RHP Jim Unknown
Batting: RHB Jim Unknown 0-0: Ball
1-0: Fly out, F6 (Popup, 6D)
Pitching: LHP Jim Unknown
Batting: SHB Jim Unknown 0-0: Ball
1-0: Ground out 5-3 (Groundball, 5S)
Batting: LHB Jim Unknown 0-0: Called Strike
0-1: Foul Ball, location: 2F
0-2: Ball
1-2: Foul Ball, location: 2F
1-2: Ball
2-2: Foul Ball, location: 2F
2-2: Strikes out looking
Bottom of the 8th over - 0 run(s), 0 hit(s), 0 error(s), 0 left on base; Milton 8 - Austin 7
TOP OF THE 9TH
Milton Bills batting - Pitching for Austin Capitols : RHP Jim Unknown
Pitching: RHP Jim Unknown
Batting: LHB Jim Unknown 0-0: Called Strike
0-1: Ball
1-1: Ball
2-1: Ground out 1-3 (Groundball, 25)
Batting: RHB Lorenzo Acuña 0-0: Ball
1-0: Fly out, F7 (Flyball, 7M)
Batting: RHB Bartolo Liñares 0-0: Called Strike
0-1: Ground out 3-1 (Groundball, 34)
Top of the 9th over - 0 run(s), 0 hit(s), 0 error(s), 0 left on base; Milton 8 - Austin 7
BOTTOM OF THE 9TH
Austin Capitols batting - Pitching for Milton Bills : LHP Jim Unknown
Pitching: RHP Jim Unknown
Batting: RHB Jim Unknown 0-0: Ball
1-0: Ball
2-0: SOLO HOME RUN (Flyball, 7LD), Distance : 377 ft
Batting: RHB Jim Unknown 0-0: Ball
1-0: Called Strike
1-1: Ball
2-1: Called Strike
2-2: Strikes out swinging
Batting: RHB Jim Unknown 0-0: Called Strike
0-1: Ground out 6-3 (Groundball, 6)
Batting: LHB Tom Smith 0-0: DOUBLE (Flyball, 7LM)
Batting: RHB Jim Unknown 0-0: Foul Ball, location: 2F
0-1: Called Strike
0-2: Ball
1-2: Ball
2-2: Strikes out looking
Bottom of the 9th over - 1 run(s), 2 hit(s), 0 error(s), 1 left on base; Milton 8 - Austin 8
TOP OF THE 10TH
Milton Bills batting - Pitching for Austin Capitols : RHP Jim Unknown
Batting: RHB Chandler Bailey 0-0: Ball
1-0: Foul Ball, location: 2F
1-1: Swinging Strike
1-2: Strikes out looking
Batting: LHB David Hunt 0-0: Called Strike
0-1: Swinging Strike
0-2: Foul Ball, location: 2F
0-2: Ball
1-2: Foul Ball, location: 2F
1-2: Foul Ball, location: 2F
1-2: Foul Ball, location: 2F
1-2: Ball
2-2: Ground out 4-3 (Groundball, 4)
Batting: RHB Mark McBride 0-0: Ball
1-0: Called Strike
1-1: Ground out 5-3 (Groundball, 56)
Top of the 10th over - 0 run(s), 0 hit(s), 0 error(s), 0 left on base; Milton 8 - Austin 8
BOTTOM OF THE 10TH
Austin Capitols batting - Pitching for Milton Bills : RHP Jim Unknown
Batting: RHB Jim Unknown 0-0: Called Strike
0-1: Ball
1-1: Ball
2-1: SINGLE (Line Drive, 7LS)
Batting: RHB Jim Unknown 0-0: Ball
1-0: Ball
2-0: Called Strike
2-1: Ball
3-1: Called Strike
3-2: Base on Balls
Jim Unknown to second
Batting: SHB Jim Unknown 0-0: Sac Bunt - play at first, batter safe!
Jim Unknown to third
Jim Unknown to second
Batting: LHB Jim Unknown 0-0: Ball
1-0: Ball
2-0: Foul Ball, location: 2F
2-1: Foul Ball, location: 2F
2-2: Ball
3-2: Base on Balls
Jim Unknown scores
Jim Unknown to third
Jim Unknown to second
This league is powered by Out of the Park Baseball, the baseball management simulation game for PC, Mac and Linux
Saturday, February 27th, 2021 - OOTP Baseball 15.6 Build 34